 Dungeon Crawl Stone Soup version 0.20-a0-1116-gaa52201 (webtiles) character file.

20 FastMan the Skirmisher (level 2, -1/19 HPs)
             Began as a Gargoyle Berserker on May 7, 2017.
             Was a Follower of Trog.
             Slain by a goblin (3 damage)
             ... led by Robin
             ... on level 2 of the Dungeon.
             The game lasted 00:00:22 (806 turns).

FastMan the Skirmisher (Gargoyle Berserker)          Turns: 806, Time: 00:00:22

Health: -1/19      AC:  4    Str: 20    XL:     2   Next: 79%
Magic:  2/2        EV: 12    Int:  7    God:    Trog [*.....]
Gold:   4          SH:  0    Dex:  9    Spells: 1/1 levels left

rFire    . . .     SeeInvis .   a - +0 hand axe
rCold    . . .     Gourm    .   (no shield)
rNeg     + . .     Faith    .   b - +0 animal skin
rPois    ∞         Spirit   .   (no helmet)
rElec    +         Reflect  .   (no cloak)
rCorr    .         Harm     +   (no gloves)
MR       .....                  (no boots)
Stlth    +.........             d - amulet of harm
Regen    0.1/turn               (no ring)
MPRegen  0.1/turn               (no ring)

@: no status effects
A: negative energy resistance 1, electricity resistance, unbreathing,
petrification resistance, rot immunity, AC +2
a: Berserk, Burn Spellbooks, Renounce Religion


You were on level 2 of the Dungeon.
You worshipped Trog.
Trog was aware of your devotion.
You were not hungry.

You visited 1 branch of the dungeon, and saw 2 of its levels.

You collected 4 gold pieces.

Inventory:

Hand Weapons
 a - a +0 hand axe (weapon)
Armour
 b - a +0 animal skin (worn)
Jewellery
 d - an amulet of harm (around neck)
Scrolls
 f - 2 scrolls of identify {unknown}
 j - a scroll of remove curse {unknown}
Potions
 e - a potion of haste {unknown}
 g - 3 potions of curing {unknown}
 h - a potion of lignification {unknown}
Comestibles
 c - a bread ration {@e1}
 i - 4 chunks of flesh


   Skills:
 + Level 3.4 Fighting
 * Level 3.4 Axes
 - Level 2.1 Armour
 - Level 1.5 Dodging


You had one spell level left.
You didn't know any spells.

Dungeon Overview and Level Annotations

Branches:
Dungeon (2/15)

Altars:

Annotations:
D:2 Robin


Innate Abilities, Weirdness & Mutations

You are resistant to torment.
Your stone body is resilient. (AC +2)
You are immune to poison.
You resist negative energy. (rN+)
You are resistant to electric shocks. (rElec)
You can survive without breathing.
You are immune to petrification.
You are immune to rotting.


Message History

The goblin barely misses you. 2 goblins come into view.
You hit the goblin but do no damage. You hit the hobgoblin but do no damage.
You miss the goblin. You hit the goblin. The goblin closely misses you.
The goblin barely misses you.
You barely miss the goblin.
The goblin is heavily wounded.
You barely miss the goblin. You slash the goblin!
You kill the goblin!
Trog accepts your kill.
You closely miss the hobgoblin. You hit the hobgoblin but do no damage.
You hit the goblin.
You kill the goblin!
Trog accepts your kill. Robin throws the goblin at you! The goblin hits you. x2
The hobgoblin closely misses you. The hobgoblin barely misses you.
The goblin barely misses you.
The goblin shoots a stone.
The stone hits you.
* * * LOW HITPOINT WARNING * * *
The goblin hits you.
You die...

..#.#.#
...#.####
#..#....#
#..#.##.#
#..#..#.#
#.#((#.#
#######.!(..<#
......).g###.#
......g@g....#
......ggg.####
.......g..#
............
......gg.#..#
........g#..#
.........##.#
.........# ..


You could see Robin, 2 hobgoblins and 7 goblins.

Vanquished Creatures
  A ball python (D:2)
  6 bats (D:1)
  A giant cockroach (D:1)
  3 goblins
  2 hobgoblins
  A frilled lizard (D:1)
  2 kobolds
  A rat (D:1)
17 creatures vanquished.

Notes
Turn   | Place    | Note
-------+----------+-------------------------------------------
     0 | D:1      | FastMan the Gargoyle Berserker began the quest for the Orb.
     0 | D:1      | Reached XP level 1. HP: 14/14 MP: 1/1
   204 | D:1      | Reached XP level 2. HP: 11/19 MP: 2/2
   801 | D:2      | Noticed Robin
   806 | D:2      | Slain by a goblin

Vault maps used:
D:1:      moated_graveyard_arrival, minmay_statues_item
D:2:      uniq_robin

Skill      XL: |  1 |
---------------+----+-----
Axes           | 3 |  3.4
Fighting       | |  3.4
Armour         | |  2.1
Dodging        | |  1.5

Action                   || total
-------------------------++-------
Melee: Hand axe          ||    47
 Stab: Sleeping          ||     1
Armor: Animal skin       ||    24
Dodge: Dodged            ||    46
